[ AOE2 MATCH · #504479340 ]
UnrankedPoles vs Byzantines
Player's team · LOSS
[ REPLAY ANALYSIS · EXTRACTED FROM THE RECORDED GAME ]
Feudal
11:21
Castle
16:02
Imperial
25:04
| APM avg | 23.5 |
| APM peak | 56 |
| eAPM avg | 13.4 |
| Villagers / military | 46 / 18 |
Focus
⚔️ 29.9% · 🌾 70.1%
Knight ×14 · Trebuchet (Packed) ×2 · Mangonel ×1 · Battering Ram ×1
Feudal
8:42
Castle
24:40
Imperial
30:08
| APM avg | 51.6 |
| APM peak | 94 |
| eAPM avg | 23.9 |
| Villagers / military | 56 / 33 |
Focus
⚔️ 18.1% · 🌾 81.9%
Archer ×22 · Camel Scout ×4 · Scout Cavalry ×3 · Monk ×2 · Trebuchet (Packed) ×2
Match map
Initial resources + every placement click. Lines = walls · curves = elevation contours. ◆ gold · ⬟ stone · ● berries · ✦ relic · ◌ wall gap
Your base· ✓ Closed at 16:02 · 11t walls · 2 gate(s)
游戏而已's base· ✓ Closed at 24:40 · 0t walls · 2 gate(s)
Smoothed initial terrain · ◌ = detected wall gap · hover for details
Inputs per minute
— Mario - - 游戏而已
Build order — Mario
141 actions detected in the replay
| 0:00 | Queue | Villager (Male) |
| 0:01 | Queue | Villager (Male) |
| 0:02 | Build | House |
| 0:03 | Build | House |
| 0:13 | Queue | Villager (Male) |
| 0:13 | Queue | Villager (Male) |
| 1:24 | Queue | Villager (Male) |
| 1:24 | Queue | Villager (Male) |
| 1:43 | Build | Lumber Camp |
| 1:58 | Queue | Villager (Male) |
| 1:59 | Queue | Villager (Male) |
| 2:31 | Queue | Villager (Male) |
| 2:31 | Queue | Villager (Male) |
| 2:50 | Queue | Villager (Male) |
| 2:56 | Queue | Villager (Male) |
| 3:29 | Build | Mill |
| 3:31 | Queue | Villager (Male) |
| 3:31 | Queue | Villager (Male) |
| 4:01 | Queue | Villager (Male) |
| 4:01 | Queue | Villager (Male) |
| 4:33 | Queue | Villager (Male) |
| 4:51 | Queue | Villager (Male) |
| 5:21 | Queue | Villager (Male) |
| 5:23 | Queue | Villager (Male) |
| 5:30 | Build | Mill |
| 5:46 | Queue | Villager (Male) |
| 5:46 | Queue | Villager (Male) |
| 5:55 | Queue | Villager (Male) |
| 6:12 | Queue | Villager (Male) |
| 6:21 | Queue | Villager (Male) |
| 6:21 | Queue | Villager (Male) |
| 6:47 | Build | House |
| 7:06 | Queue | Villager (Male) |
| 7:10 | Build | Lumber Camp |
| 7:22 | Queue | Villager (Male) |
| 8:51 | Research | Feudal Age |
| 9:03 | Build | Mining Camp |
| 9:39 | Build | Farm |
| 9:41 | Build | Farm |
| 9:43 | Build | Farm |
| 9:45 | Build | Farm |
| 10:15 | Build | House |
| 10:20 | Build | House |
| 10:35 | Build | House |
| 10:39 | Build | House |
| 10:49 | Build | Mining Camp |
| 10:52 | Queue | Villager (Male) |
| 11:01 | Build | House |
| 11:17 | Build | House |
| 11:21 | Age | Feudal Age |
| 11:24 | Build | Stone Wall |
| 11:27 | Research | Loom |
| 11:37 | Build | Stone Wall |
| 11:41 | Build | Stone Wall |
| 11:42 | Build | Stone Wall |
| 11:48 | Build | Market |
| 12:36 | Queue | Villager (Male) |
| 12:41 | Build | Blacksmith |
| 12:46 | Build | Stone Wall |
| 12:49 | Build | House |
| 12:52 | Build | House |
| 13:07 | Build | House |
| 13:22 | Research | Castle Age |
| 13:56 | Build | House |
| 14:12 | Research | Double-Bit Axe |
| 14:12 | Research | Double-Bit Axe |
| 14:29 | Build | House |
| 14:31 | Build | Stone Wall |
| 14:43 | Research | Horse Collar |
| 15:19 | Build | Stone Wall |
| 15:21 | Build | Stone Wall |
| 15:59 | Queue | Villager (Male) |
| 15:59 | Queue | Villager (Male) |
| 16:02 | Age | Castle Age |
| 16:03 | Build | Siege Workshop |
| 16:26 | Queue | Mangonel |
| 16:42 | Queue | Villager (Male) |
| 16:45 | Build | Farm |
| 16:46 | Build | Farm |
| 16:53 | Build | House |
| 17:20 | Queue | Villager (Male) |
| 17:20 | Queue | Villager (Male) |
| 17:23 | Build | Farm |
| 17:24 | Build | Farm |
| 18:05 | Build | Castle |
| 18:17 | Build | Stone Wall |
| 18:20 | Build | Stone Wall |
| 18:32 | Build | Stone Wall |
| 18:35 | Queue | Villager (Male) |
| 19:12 | Queue | Villager (Male) |
| 19:47 | Build | Farm |
| 19:48 | Build | Farm |
| 21:00 | Build | Barracks |
| 21:54 | Research | Imperial Age |
| 22:32 | Research | Gold Mining |
| 22:51 | Queue | Battering Ram |
| 23:00 | Build | Siege Workshop |
| 23:03 | Build | Stable |
| 23:05 | Build | Stable |
| 23:35 | Research | Scale Barding Armor |
| 23:38 | Research | Forging |
| 24:17 | Research | Szlachta Privileges |
| 24:29 | Build | House |
| 25:04 | Age | Imperial Age |
| 25:11 | Queue | Trebuchet (Packed) |
| 25:17 | Build | House |
| 25:24 | Build | Farm |
| 25:28 | Queue | Villager (Male) |
| 25:29 | Queue | Villager (Male) |
| 25:49 | Build | Mining Camp |
| 26:08 | Research | Scale Barding Armor |
| 26:11 | Queue | Villager (Male) |
| 26:14 | Build | Farm |
| 26:14 | Build | Farm |
| 26:34 | Queue | Knight |
| 26:34 | Queue | Knight |
| 26:41 | Build | Farm |
| 26:48 | Build | House |
| 26:52 | Queue | Villager (Male) |
| 26:54 | Queue | Villager (Male) |
| 27:12 | Research | Bloodlines |
| 27:18 | Queue | Villager (Male) |
| 27:22 | Build | Castle |
| 27:44 | Queue | Knight |
| 27:44 | Queue | Knight |
| 27:52 | Queue | Villager (Male) |
| 28:08 | Queue | Knight |
| 28:09 | Queue | Knight |
| 28:17 | Queue | Knight |
| 28:18 | Queue | Knight |
| 28:34 | Queue | Trebuchet (Packed) |
| 29:15 | Build | Castle |
| 29:28 | Queue | Knight |
| 29:29 | Queue | Knight |
| 29:51 | Queue | Knight |
| 29:51 | Queue | Knight |
| 30:03 | Queue | Villager (Male) |
| 30:03 | Queue | Villager (Male) |
| 30:05 | Queue | Knight |
| 30:05 | Queue | Knight |
| 30:08 | Build | House |
Build order — 游戏而已
First 150 of 188 actions detected
| 0:00 | Queue | Villager (Male) |
| 0:01 | Queue | Villager (Male) |
| 0:01 | Queue | Villager (Male) |
| 0:01 | Queue | Villager (Male) |
| 0:01 | Queue | Villager (Male) |
| 0:02 | Build | House |
| 0:07 | Build | House |
| 1:33 | Queue | Villager (Male) |
| 2:01 | Queue | Villager (Male) |
| 2:25 | Build | House |
| 2:31 | Queue | Villager (Male) |
| 2:40 | Build | Lumber Camp |
| 2:45 | Queue | Villager (Male) |
| 3:08 | Queue | Villager (Male) |
| 3:29 | Queue | Villager (Male) |
| 4:06 | Queue | Villager (Male) |
| 4:18 | Queue | Villager (Male) |
| 4:44 | Build | Mill |
| 5:00 | Queue | Villager (Male) |
| 5:23 | Queue | Villager (Male) |
| 5:44 | Research | Loom |
| 6:32 | Research | Feudal Age |
| 7:03 | Build | House |
| 7:34 | Build | Barracks |
| 8:11 | Build | Mining Camp |
| 8:16 | Queue | Villager (Male) |
| 8:42 | Age | Feudal Age |
| 8:45 | Research | Double-Bit Axe |
| 8:54 | Build | Mining Camp |
| 9:08 | Queue | Villager (Male) |
| 9:20 | Build | Archery Range |
| 9:40 | Queue | Villager (Male) |
| 9:59 | Queue | Archer |
| 9:59 | Queue | Archer |
| 10:04 | Build | Watch Tower |
| 10:25 | Queue | Villager (Male) |
| 10:35 | Build | House |
| 10:37 | Build | Blacksmith |
| 10:52 | Queue | Villager (Male) |
| 11:10 | Queue | Villager (Male) |
| 11:30 | Build | House |
| 11:38 | Queue | Villager (Male) |
| 11:55 | Queue | Villager (Male) |
| 12:02 | Queue | Archer |
| 12:28 | Queue | Villager (Male) |
| 12:45 | Queue | Villager (Male) |
| 12:49 | Build | Mill |
| 12:53 | Queue | Archer |
| 13:01 | Build | Mining Camp |
| 13:10 | Queue | Villager (Male) |
| 13:30 | Build | Outpost |
| 13:33 | Queue | Archer |
| 13:35 | Queue | Villager (Male) |
| 14:00 | Research | Fletching |
| 14:10 | Queue | Archer |
| 14:16 | Build | House |
| 14:17 | Build | House |
| 14:25 | Queue | Villager (Male) |
| 14:30 | Build | Farm |
| 14:57 | Queue | Archer |
| 15:05 | Queue | Villager (Male) |
| 15:31 | Queue | Villager (Male) |
| 15:35 | Build | House |
| 15:50 | Queue | Archer |
| 15:55 | Build | Watch Tower |
| 16:03 | Build | Farm |
| 16:06 | Build | Farm |
| 16:09 | Build | Farm |
| 16:09 | Build | Farm |
| 16:10 | Queue | Villager (Male) |
| 16:18 | Queue | Archer |
| 16:20 | Queue | Villager (Male) |
| 16:38 | Build | House |
| 16:39 | Build | House |
| 16:51 | Build | Watch Tower |
| 17:01 | Queue | Archer |
| 17:04 | Queue | Villager (Male) |
| 17:06 | Build | Farm |
| 17:27 | Build | Farm |
| 17:27 | Queue | Villager (Male) |
| 17:35 | Build | Stable |
| 17:49 | Research | Horse Collar |
| 17:49 | Queue | Villager (Male) |
| 17:51 | Build | Farm |
| 18:07 | Queue | Scout Cavalry |
| 18:22 | Build | Watch Tower |
| 18:24 | Queue | Scout Cavalry |
| 18:36 | Queue | Scout Cavalry |
| 19:03 | Queue | Villager (Male) |
| 19:05 | Build | Farm |
| 19:29 | Build | Watch Tower |
| 19:31 | Queue | Villager (Male) |
| 19:33 | Build | Farm |
| 19:35 | Build | Farm |
| 19:38 | Build | Farm |
| 19:39 | Build | Farm |
| 19:42 | Queue | Villager (Male) |
| 19:54 | Queue | Archer |
| 20:21 | Build | Lumber Camp |
| 20:35 | Queue | Villager (Male) |
| 20:44 | Build | House |
| 21:00 | Queue | Villager (Male) |
| 21:45 | Build | Farm |
| 21:48 | Build | Farm |
| 21:51 | Build | Farm |
| 22:00 | Research | Castle Age |
| 22:00 | Research | Castle Age |
| 22:14 | Research | Gold Mining |
| 22:15 | Research | Gold Mining |
| 22:21 | Build | House |
| 23:00 | Build | Market |
| 23:06 | Queue | Villager (Male) |
| 23:14 | Build | Farm |
| 23:17 | Build | Farm |
| 23:17 | Build | Farm |
| 23:35 | Build | Farm |
| 23:37 | Build | Farm |
| 23:42 | Build | Farm |
| 24:34 | Build | Farm |
| 24:40 | Age | Castle Age |
| 24:44 | Build | Monastery |
| 24:48 | Research | Bodkin Arrow |
| 24:51 | Research | Bow Saw |
| 25:01 | Queue | Villager (Male) |
| 25:31 | Queue | Villager (Male) |
| 25:35 | Queue | Monk |
| 25:53 | Build | Castle |
| 26:00 | Queue | Villager (Male) |
| 26:11 | Build | University |
| 26:33 | Queue | Villager (Male) |
| 26:53 | Research | Imperial Age |
| 26:53 | Research | Imperial Age |
| 27:00 | Build | Archery Range |
| 27:09 | Research | Stone Mining |
| 27:34 | Queue | Archer |
| 27:37 | Research | Crossbowman (upgrade) |
| 27:43 | Research | Padded Archer Armor |
| 27:46 | Queue | Villager (Male) |
| 28:03 | Queue | Archer |
| 28:13 | Queue | Archer |
| 29:32 | Queue | Archer |
| 29:33 | Queue | Archer |
| 29:34 | Research | Thumb Ring |
| 29:44 | Queue | Archer |
| 29:45 | Queue | Archer |
| 29:52 | Queue | Archer |
| 30:01 | Queue | Archer |
| 30:01 | Queue | Archer |
| 30:08 | Age | Imperial Age |
| 30:17 | Queue | Archer |
Match timeline
| 7:34 | 游戏而已 · first_building Barracks |
| 8:42 | 游戏而已 · age_up feudal |
| 9:20 | 游戏而已 · first_building Archery Range |
| 11:21 | Mario · age_up feudal |
| 11:24 | Mario · wall_segment Stone Wall x1 |
| 11:37 | Mario · wall_segment Stone Wall x4 |
| 11:41 | Mario · wall_segment Stone Wall x1 |
| 11:42 | Mario · wall_segment Stone Wall x1 |
| 12:38 | Mario · first_market_buy 100 wood |
| 12:46 | Mario · wall_segment Stone Wall x1 |
| 13:16 | Mario · first_market_sell 100 food |
| 14:31 | Mario · wall_segment Stone Wall x1 |
| 15:19 | Mario · wall_segment Stone Wall x1 |
| 15:21 | Mario · wall_segment Stone Wall x1 |
| 16:02 | Mario · age_up castle |
| 16:03 | Mario · first_building Siege Workshop |
| 17:35 | 游戏而已 · first_building Stable |
| 18:05 | Mario · first_building Castle |
| 18:17 | Mario · wall_segment Stone Wall x1 |
| 18:20 | Mario · wall_segment Stone Wall x1 |
| 18:32 | Mario · wall_segment Stone Wall x1 |
| 21:00 | Mario · first_building Barracks |
| 23:03 | Mario · first_building Stable |
| 24:40 | 游戏而已 · age_up castle |
| 24:44 | 游戏而已 · first_building Monastery |
| 25:04 | Mario · age_up imperial |
| 25:53 | 游戏而已 · first_building Castle |
| 26:02 | 游戏而已 · first_market_sell 100 food |
| 30:08 | 游戏而已 · age_up imperial |
| 35:16 | Mario · resign |
[ AI ANALYSIS · 1 CREDIT ]
What really happened in this match?
Wolo.gg analyzes every decision: build order, eco, micro, common mistakes by bracket. Personalized analysis on WhatsApp or Discord in 30 seconds.
Civ guide
Poles
Perfil
Jugador #286096